 Dungeon Crawl Stone Soup version 0.31.0-9-g3a7656b989 (webtiles) character file.

Game seed: 10106904803876099159

67 qw the Shooter (level 4, -4/25 HPs)
             Began as a Deep Elf Hunter on Feb 2, 2024.
             Slain by a gnoll
             ... wielding a +0 flail
              (9 damage)
             ... on level 2 of the Dungeon.
             The game lasted 00:00:04 (905 turns).

qw the Shooter (Deep Elf Hunter)                     Turns: 905, Time: 00:00:05

Health: -4/25      AC:  5    Str: 10    XL:     4   Next: 0%
Magic:  6/6        EV: 11    Int: 14    God:
Gold:   22         SH:  0    Dex: 18    Spells: 3/3 levels left

rFire   . . .        a - +0 shortbow
rCold   . . .        (shield currently unavailable)
rNeg    . . .        d - +0 ring mail
rPois   .            (no helmet)
rElec   .            (no cloak)
rCorr   .            (no gloves)
SInv    .            (no boots)
Will    .....        (no amulet)
Stlth   +            (no ring)
HPRegen 0.24/turn    (no ring)
MPRegen 0.10/turn

%: no passive effects
@: no status effects
A: no striking features
a: no special abilities


You were on level 2 of the Dungeon.
You visited 1 branch of the dungeon, and saw 2 of its levels.

You collected 72 gold pieces.
You spent 50 gold pieces at shops.


   Skills:
 - Level 1.5 Fighting
 + Level 7.4 Ranged Weapons
 - Level 2.4 Dodging
 - Level 1.2 Stealth


You had 3 spell levels left.
You didn't know any spells.
Your spell library was empty.

Inventory:

Hand Weapons
 a - a +0 shortbow (weapon)
Armour
 b - a scarf of shadows
 d - a +0 ring mail (worn)
Potions
 c - a potion of might {unknown}
 e - a potion of degeneration {unknown}
 f - a potion of mutation {unknown}

Dungeon Overview and Level Annotations

Branches:
Dungeon (2/15)

Altars:

Shops:
D:1 *(=


Message History

The orc throws a boomerang.
The boomerang barely misses you.
You shoot an arrow. The arrow closely misses the orc.
The arrow hits the gnoll.
The gnoll is heavily wounded.
You shoot an arrow. The arrow hits the gnoll.
The gnoll is severely wounded.
Enter note: You shoot an arrow.
The arrow hits the gnoll.
You kill the gnoll!
You shoot an arrow. The arrow closely misses the gnoll.
The arrow hits the orc.
The orc is lightly wounded.
The gnoll closely misses you.
You shoot an arrow. The arrow hits the orc.
The orc is almost dead.
The gnoll misses you.
You shoot an arrow. The arrow hits the orc.
You kill the orc!
The gnoll barely misses you.
You have reached level 4!
You feel clever.
You shoot an arrow.
The arrow hits the gnoll but does no damage.
The gnoll is heavily wounded.
The gnoll barely misses you.
You shoot an arrow. The arrow hits the gnoll.
The gnoll is severely wounded.
The gnoll hits you from afar with a +0 halberd.
The gnoll hits you with a +0 flail. The gnoll closely misses you.
The gnoll barely misses you.
You shoot an arrow. The arrow hits the gnoll.
The gnoll is almost dead.
The gnoll misses you.
The gnoll hits you from afar with a +0 halberd.
You shoot an arrow. The arrow barely misses the gnoll.
The gnoll hits you with a +0 flail.
The gnoll hits you from afar with a +0 halberd.
You shoot an arrow. The arrow barely misses the gnoll.
You hear a shout!
A gnoll comes into view. It is wielding a +0 whip.
A gnoll comes into view. It is wielding a +0 spear.
The gnoll hits you with a +0 flail!
You die...

...........<#
.g.g........#
g...........# .
............#
..
.....)......#..
............#
#.g....#
#g...###
#@.....#
#......# #$
#......# #.
#..#...# #.
#.%...## #.
###..#### #.
##....#
#.##.....#
##.##>...###)#


You could see 4 gnolls.

Vanquished Creatures
  A gnoll (D:2)
  An adder (D:2)
  A dart slug (D:1)
  An orc (D:2)
  6 endoplasms
  7 goblins
  4 hobgoblins
  4 jackals (D:1)
  5 kobolds
  A quokka (D:1)
  4 ball pythons
  3 bats (D:1)
  A frilled lizard (D:1)
  A rat (D:1)
40 creatures vanquished.

Notes
Turn   | Place    | Note
-------+----------+-------------------------------------------
     0 | D:1      | qw the Deep Elf Hunter began the quest for the Orb.
     0 | D:1      | Reached XP level 1. HP: 12/12 MP: 3/3
     0 | D:1      | 0 ||| qw: Version: 0.3-a-155-g5e7d8dd
     0 | D:1      | 0 ||| qw: Game counter: 175
     0 | D:1      | 0 ||| qw: Melee chars always use a shield: true
     0 | D:1      | 0 ||| qw: God list: Okawaru
     0 | D:1      | 0 ||| qw: Allow faded altars: false
     0 | D:1      | 0 ||| qw: Do Orc after clearing Dungeon:15 true
     0 | D:1      | 0 ||| qw: Do second Lair branch before Depths: true
     0 | D:1      | 0 ||| qw: Lair rune preference: random
     0 | D:1      | 0 ||| qw: Goals: Normal
     0 | D:1      | 0 ||| PLANNING D:1-11
    19 | D:1      | Found Dennorph's Jewellery Boutique.
    49 | D:1      | 49 ||| SHOPLISTING amulet of faith (560 gold, have 0).
    49 | D:1      | 49 ||| SHOPLISTING amulet of the acrobat (420 gold, have
                  | 0).
    49 | D:1      | 49 ||| SHOPLISTING ring of ice (350 gold, have 0).
    49 | D:1      | 49 ||| SHOPLISTING ring of poison resistance (280 gold,
                  | have 0).
    49 | D:1      | 49 ||| SHOPLISTING ring of protection from fire (350 gold,
                  | have 0).
    49 | D:1      | 49 ||| SHOPLISTING ring of willpower (350 gold, have 0).
    94 | D:1      | Reached XP level 2. HP: 16/16 MP: 4/4
    97 | D:1      | Reached skill level 6 in Ranged Weapons
   332 | D:1      | Found Inwaen's Assorted Antiques.
   340 | D:1      | 340 ||| BUYING clear potion (25 gold).
   340 | D:1      | Bought a clear potion for 25 gold pieces
   340 | D:1      | 340 ||| BUYING cyan potion (25 gold).
   340 | D:1      | Bought a cyan potion for 25 gold pieces
   340 | D:1      | 340 ||| SHOPLISTING glowing steel ring (140 gold, have 4).
   340 | D:1      | 340 ||| SHOPLISTING pair of smoking boots (266 gold, have
                  | 4).
   340 | D:1      | 340 ||| SHOPLISTING scroll labelled IXEOKH MYSAUZY (28
                  | gold, have 4).
   340 | D:1      | 340 ||| SHOPLISTING scroll labelled PACHUZ VOOMIRI (28
                  | gold, have 4).
   340 | D:1      | 340 ||| SHOPLISTING short bone wand (112 gold, have 4).
   450 | D:1      | Found Wudi's Weapon Boutique.
   490 | D:1      | Reached XP level 3. HP: 20/20 MP: 5/5
   600 | D:1      | 600 ||| UPGRADING to +0 ring mail.
   610 | D:1      | 610 ||| DROPPING +0 leather armour.
   611 | D:1      | 611 ||| READING scroll labelled OSUB PITAOQOTI.
   612 | D:1      | 612 ||| DROPPING scroll of butterflies.
   637 | D:2      | 637 ||| STAIRDANCE
   642 | D:2      | 642 ||| STAIRDANCE
   690 | D:2      | 690 ||| STAIRDANCE
   741 | D:2      | Reached skill level 7 in Ranged Weapons
   745 | D:2      | HP: 5/20 [poisoned by an adder]
   827 | D:2      | 827 ||| FLEEEEING.
   828 | D:2      | 828 ||| FLEEEEING.
   892 | D:2      | 892 ||| RETREEEEATING.
   901 | D:2      | Reached XP level 4. HP: 25/25 MP: 6/6
   904 | D:2      | HP: 5/25 [gnoll/+0 halberd (5)]
   905 | D:2      | Slain by a gnoll

Levels and vault maps discovered:
D:1:      amcnicky_arrival_flooded_fountain, layout_basic, serial_shops,
          nicolae_shop_tiny_waterfront, shop, shop, minmay_unequal
D:2:      layout_rooms

Skill      XL: |  1  2  3 |
---------------+----------+-----
Ranged Weapons | 6 7 |  7.4
Fighting       | |  1.5
Dodging        | |  2.4
Stealth        | |  1.2

Action                     |  1- 3 |  4- 6 || total
---------------------------+-------+-------++-------
   Fire: Shortbow          |   104 |     5 ||   109
    Use: Scroll            |     1 |       ||     1
 Armour: Leather armour    |     5 |       ||     5
         Ring mail         |    22 |     6 ||    28
  Dodge: Dodged            |    26 |     4 ||    30

Table legend:
 A = Non-vault XP
 B = Vault XP
 C = Vault XP percentage of total XP
 D = Non-vault monster count
 E = Vault monster count
 F = Vault count percentage of total count
                 A         B        C        D         E       F
            +---------+---------+-------+---------+---------+-------
      Total |      93 |       4 |   4.1 |      38 |       2 |   5.0
            +---------+---------+-------+---------+---------+-------
        D:1 |      55 |       4 |   6.8 |      30 |       2 |   6.2
        D:2 |      38 |       0 |   0.0 |       8 |       0 |   0.0
            +---------+---------+-------+---------+---------+-------
